 Dungeon Crawl Stone Soup version 0.28.0-45-g0d030f2227 (webtiles) character file.

Game seed: 14655209787049037199

13416 protoss039 the Fighter (level 11, 0/93 HPs)
             Began as a Demonspawn Earth Elementalist on May 30, 2022.
             Was a Priest of Vehumet.
             Slain by a slime creature (15 damage)
             ... on level 11 of the Dungeon.
             The game lasted 00:27:26 (13867 turns).

protoss039 the Fighter (DsEE)                      Turns: 13867, Time: 00:27:26

Health: 0/93       AC: 13    Str: 14    XL:     11   Next: 75%
Magic:  11/22      EV: 12    Int: 26    God:    Vehumet [***...]
Gold:   590        SH:  8    Dex: 14    Spells: 12/25 levels left

rFire   . . .      SeeInvis .   B - +1 dagger (venom)
rCold   . . .      Faith    .   (no shield)
rNeg    . . .      Spirit   .   u - +5 robe of Eternal Vigilance {-Tele Str+5 Slay+6}
rPois   .          Reflect  .   m - +0 helmet
rElec   .          Harm     .   (no cloak)
rCorr   .          Rampage  .   l - +0 pair of gloves
Will    .....      NoTele   +   H - +2 pair of boots
Stlth   ++........              b - amulet of regeneration
HPRegen 1.05/turn               a - +6 ring of intelligence
MPRegen 0.18/turn               z - ring of wizardry

@: no status effects
A: hooves 2, large bone plates 1, foul stench 1, condensation shield
a: Renounce Religion


You were on level 11 of the Dungeon.
You worshipped Vehumet.
Vehumet was most pleased with you.
You visited 2 branches of the dungeon, and saw 13 of its levels.

You collected 590 gold pieces.

Inventory:

Hand Weapons
 B - a +1 dagger of venom (weapon)
 P - a +2 broad axe of flaming
Missiles
 c - 209 stones
 i - 2 throwing nets
Armour
 l - a +0 pair of gloves (worn)
 m - a +0 helmet (worn)
 u - the +5 robe of Eternal Vigilance (worn) {-Tele Str+5 Slay+6}
   (You found it on level 4 of the Dungeon)

   Str:       It affects your strength (+5).
   Slay:      It affects your accuracy & damage with ranged weapons and melee
   (+6).
   -Tele:     It prevents most forms of teleportation.
 H - a +2 pair of boots (worn)
Magical Staves
 Q - a staff of conjuration
Jewellery
 a - a +6 ring of intelligence (left hand)
 b - an amulet of regeneration (around neck)
 z - a ring of wizardry (right hand)
 O - a ring of positive energy
Wands
 s - a wand of flame (31)
 v - a wand of charming (13)
 C - a wand of acid (11)
 N - a wand of iceblast (19)
Scrolls
 d - a scroll of identify
 e - 3 scrolls of enchant weapon
 g - 2 scrolls of silence
 j - 2 scrolls of immolation
 k - 2 scrolls of fog
 o - a scroll of vulnerability {unknown}
 p - 2 scrolls of amnesia
 r - a scroll of acquirement {unknown}
 w - a scroll of magic mapping {unknown}
 y - 3 scrolls of blinking
 F - a scroll of brand weapon {unknown}
 J - a scroll of fear {unknown}
 K - a scroll of teleportation {unknown}
Potions
 f - a potion of lignification {unknown}
 h - 2 potions of degeneration {unknown}
 n - 4 potions of curing
 q - 2 potions of heal wounds {unknown}
 t - 2 potions of resistance {unknown}
 x - 4 potions of magic {unknown}
 D - 2 potions of might {unknown}
 E - a potion of flight {unknown}
 G - 2 potions of attraction {unknown}
 I - 3 potions of ambrosia {unknown}
 L - a potion of experience {unknown}
 M - a potion of berserk rage {unknown}


   Skills:
 * Level 11.2 Fighting
 + Level 7.0 Armour
 - Level 1.7 Dodging
 - Level 1.7 Stealth
 + Level 7.6 Spellcasting
 + Level 7.0 Conjurations
 - Level 1.0 Transmutations
 + Level 7.9 Earth Magic


You had 12 spell levels left.
You knew the following spells:

 Your Spells              Type           Power      Damage    Failure   Level
a - Sandblast             Erth           100%       2d20      1%          1
b - Passwall              Tmut/Erth      27%        N/A       1%          2
c - Stone Arrow           Conj/Erth      96%        3d13      1%          3
e - Flame Wave            Conj/Fire      28%        2d8       1%          4
g - Mephitic Cloud        Conj/Pois/Air  22%        N/A       1%          3

Your spell library contained the following spells:

 Spells                   Type           Power      Damage    Failure   Level
 Magic Dart               Conj           100%       1d8       1%          1
 Frozen Ramparts          Ice            18%        1d3       2%          3
 Call Imp                 Summ           9%         N/A       3%          2
 Animate Armour           Summ/Erth      60%        N/A       4%          4
 Leda's Liquefaction      Hex/Erth       15%        N/A       4%          4
 Petrify                  Tmut/Erth      33%        N/A       4%          4
 Call Canine Familiar     Summ           9%         N/A       8%          3
 Portal Projectile        Hex/Tloc       18%        N/A       8%          3
 Tukima's Dance           Hex            9%         N/A       8%          3
 Ice Form                 Ice/Tmut       12%        N/A       19%         4
 Anguish                  Hex/Necr       4%         N/A       24%         4
 Summon Ice Beast         Ice/Summ       9%         N/A       24%         4
 Summon Lightning Spire   Summ/Air       9%         N/A       24%         4
 Blade Hands              Tmut           7%         N/A       38%         5
 Excruciating Wounds      Necr           4%         N/A       52%         5
 Lehudib's Crystal Spear  Conj/Erth      24%        10d7      78%         8
 Dispersal                Tloc           4%         N/A       97%         6
 Enfeeble                 Hex            4%         N/A       100%        7
 Storm Form               Tmut/Air       6%         N/A       100%        7
 Disjunction              Tloc           4%         N/A       100%        8
 Maxwell's Capacitive Co  Air            4%         ∞         100%        8


Dungeon Overview and Level Annotations

Branches:
Dungeon (12/15)            Temple (1/1) D:6            Lair (0/6) D:8
    Orc (0/2) D:9

Altars:
Ashenzari
Cheibriados
Dithmenos
Elyvilon
Fedhas
Gozag
Hepliaklqana
Kikubaaqudgha
Makhleb
Nemelex Xobeh
Okawaru
Qazlal
Ru
Sif Muna
Trog
Uskayaw
Vehumet
Wu Jian
Xom
Yredelemnul
Zin
The Shining One
Beogh

Shops:
D:3 [   D:11 :

Annotations:
D:6 3 runed translucent doors, YorkGangsta's ghost, novice DENe


Innate Abilities, Weirdness & Mutations

You have hoof-like feet.
You are partially covered in large bone plates. (SH +4)
You may rarely emit foul miasma when damaged in melee.
A meltable shield of frost defends you. (SH +4)


Message History

The flame wave engulfs the slime creature!
The slime creature is almost dead.
The flame wave engulfs the slime creature.
The slime creature is severely wounded.
The flame wave engulfs the slime creature.
The slime creature is heavily wounded.
The flame wave engulfs the slime creature!
The slime creature is heavily wounded.
The slime creature hits you but does no damage.
The slime creature hits you! The slime creature misses you.
You block the slime creature's attack.
A wave of flame ripples out!
The flame wave engulfs the slime creature.
The slime creature is almost dead.
The flame wave engulfs the slime creature!
The slime creature is almost dead.
The flame wave engulfs the slime creature!
The slime creature is severely wounded.
The flame wave engulfs the slime creature!
The slime creature is severely wounded.
You finish channelling waves of flame.
The slime creature hits you!
* * * LOW HITPOINT WARNING * * *
The slime creature hits you but does no damage.
The slime creature hits you!
* * * LOW HITPOINT WARNING * * *
The slime creature hits you but does no damage.
Unknown command.
You feel better.
The slime creature hits you but does no damage.
The slime creature closely misses you. You block the slime creature's attack.
The slime creature hits you.
* * * LOW HITPOINT WARNING * * *
You feel better. The slime creature hits you!
* * * LOW HITPOINT WARNING * * *
The slime creature hits you.
* * * LOW HITPOINT WARNING * * *
You block the slime creature's attack. The slime creature barely misses you.
You feel better.
You block the slime creature's attack. x2
The slime creature closely misses you. The slime creature hits you!
You die...

..#......#.............#...#...#.
..#......#.............'...#...'.
..#......#..........)..#...#...#.
#######..#'#############...#####.
.........÷.#.............[.......
..........÷#.....................
.#####.....#.....................
.....#######.....................
.....#..#..#...J@J..)............
.....#..#..#...J.J...............
.#...#..#..#.....................
.#......#..#.....................
.#...####..#.....................
.##'##.....'.....................
##...#.....#.....................
.#...#..####.....................
.'...#..#..#.....................


You could see 4 slime creatures.

Vanquished Creatures
  2 boulder beetles (D:11)
  2 two-headed ogres
  Nergalle (D:10)
  Maggie (D:9)
  A kobold demonologist (D:9)
  3 trolls
  2 hornets (D:10)
  A vampire (D:10)
  2 wraiths
  22 yaks
  A wyvern (D:9)
  3 steam dragons
  An acid dragon (D:8)
  3 water moccasins
  A hornet zombie (D:5)
  4 orc warriors
  2 ice beasts
  3 wolves (D:8)
  3 centaurs
  2 kobold brigands
  3 bullfrogs
  A scorpion (D:5)
  12 killer bees
  3 wights (D:6)
  3 electric eels (D:8)
  4 centaur zombies
  9 orc priests
  A centaur skeleton (D:4)
  2 gnoll shamans (D:5)
  4 hounds (D:8)
  5 iguanas
  11 orc wizards
  A hound zombie (D:5)
  Robin (D:3)
  A howler monkey zombie (D:5)
  12 gnolls
  6 adders
  2 shadow imps
  An ufetubus (D:4)
  An adder skeleton (D:3)
  2 adder zombies (D:3)
  A worm (D:2)
  3 dart slugs
  35 orcs
  8 ball pythons
  6 bats
  8 endoplasms
  4 giant cockroaches
  10 goblins
  11 hobgoblins
  A jackal (D:2)
  6 kobolds
  3 quokkas
  A ball python zombie (D:3)
  5 frilled lizards
  5 rats
252 creatures vanquished.

Vanquished Creatures (collateral kills)
  An orc warrior (D:9)
  An orc (D:9)
2 creatures vanquished.

Vanquished Creatures (others)
  An orc warrior (D:9)
1 creature vanquished.

Grand Total: 255 creatures vanquished

Notes
Turn   | Place    | Note
-------+----------+-------------------------------------------
     0 | D:1      | protoss039 the Demonspawn Earth Elementalist began the
                  | quest for the Orb.
     0 | D:1      | Reached XP level 1. HP: 13/13 MP: 3/3
    29 | D:1      | Reached skill level 1 in Transmutations
   283 | D:1      | Gained mutation: You are partially covered in large bone
                  | plates. (SH +4) [demonic ancestry]
   283 | D:1      | Reached XP level 2. HP: 10/20 MP: 0/5
   653 | D:1      | Reached skill level 1 in Fighting
   799 | D:1      | Found a faded altar of an unknown god.
  1249 | D:2      | Reached XP level 3. HP: 26/26 MP: 4/6
  1294 | D:2      | Reached skill level 1 in Armour
  1396 | D:2      | Found a basalt altar of Yredelemnul.
  1715 | D:2      | Learned a level 2 spell: Passwall
  1719 | D:2      | Learned a level 3 spell: Stone Arrow
  1720 | D:3      | Found Rigrar's Armour Emporium.
  1816 | D:3      | Found a basalt altar of Yredelemnul.
  1871 | D:3      | Reached skill level 2 in Fighting
  1969 | D:3      | Noticed Robin
  1979 | D:2      | Gained mutation: You may rarely emit foul miasma when
                  | damaged in melee. [demonic ancestry]
  1979 | D:2      | Reached XP level 4. HP: 29/33 MP: 7/7
  2176 | D:3      | Killed Robin
  2505 | D:3      | Reached skill level 1 in Conjurations
  2895 | D:4      | Reached XP level 5. HP: 36/39 MP: 6/9
  2957 | D:4      | Identified the +5 robe of Eternal Vigilance {-Tele Str+5
                  | Slay+6}
  3277 | D:4      | Reached skill level 3 in Fighting
  3421 | D:5      | Entered Level 5 of the Dungeon
  3427 | D:5      | Gained mutation: A meltable shield of frost defends you.
                  | (SH +4) [demonic ancestry]
  3427 | D:5      | Reached XP level 6. HP: 46/47 MP: 3/10
  3802 | D:5      | Noticed an ice beast
  3857 | D:4      | Killed an ice beast
  3945 | D:5      | Noticed a water moccasin
  3950 | D:5      | Found an iron altar of Okawaru.
  4077 | D:5      | Reached skill level 4 in Fighting
  4179 | D:5      | Reached XP level 7. HP: 51/54 MP: 0/12
  4550 | D:5      | Reached skill level 5 in Fighting
  5013 | D:5      | Gained mutation: You have large cloven feet. [demonic
                  | ancestry]
  5013 | D:5      | Reached XP level 8. HP: 63/63 MP: 11/14
  5409 | D:5      | Learned a level 3 spell: Mephitic Cloud
  5527 | D:6      | Found a staircase to the Ecumenical Temple.
  5572 | Temple   | Entered the Ecumenical Temple
  5834 | Temple   | Became a worshipper of Vehumet
  6008 | D:6      | Reached skill level 6 in Fighting
  6184 | D:6      | Reached skill level 5 in Earth Magic
  6254 | D:6      | Found a runed translucent gate.
  6254 | D:6      | Found a runed translucent gate.
  6254 | D:6      | Found a runed translucent gate.
  6461 | D:6      | Noticed a deep elf pyromancer
  6467 | D:6      | Noticed YorkGangsta's ghost (novice DENe)
  6737 | D:6      | Reached skill level 7 in Fighting
  6742 | D:6      | Reached skill level 5 in Spellcasting
  6742 | D:6      | Reached XP level 9. HP: 35/72 MP: 1/16
  7356 | D:7      | Reached * piety under Vehumet
  7356 | D:7      | Offered knowledge of Foxfire by Vehumet.
  7787 | D:8      | Found a staircase to the Lair.
  8067 | D:8      | Reached skill level 8 in Fighting
  8424 | D:8      | Noticed a troll
  8434 | D:8      | Killed a troll
  8435 | D:8      | Reached skill level 5 in Armour
  8437 | D:8      | Gained mutation: You have hoof-like feet. [demonic
                  | ancestry]
  8437 | D:8      | Reached XP level 10. HP: 82/82 MP: 4/18
  9171 | D:9      | Reached skill level 5 in Conjurations
  9305 | D:9      | Reached ** piety under Vehumet
  9305 | D:9      | Offered knowledge of Scorch by Vehumet.
  9367 | D:9      | Found a staircase to the Orcish Mines.
  9380 | D:9      | Reached skill level 9 in Fighting
 10177 | D:9      | Noticed a two-headed ogre
 10186 | D:9      | Killed a two-headed ogre
 10186 | D:9      | Offered knowledge of Dazzling Flash by Vehumet.
 10454 | D:9      | Noticed Maggie
 10467 | D:9      | Killed Maggie
 10790 | D:10     | Entered Level 10 of the Dungeon
 10799 | D:10     | Reached *** piety under Vehumet
 11203 | D:10     | Reached skill level 10 in Fighting
 11235 | D:10     | Reached XP level 11. HP: 88/90 MP: 6/21
 11243 | D:10     | Noticed Nergalle
 11257 | D:10     | Killed Nergalle
 12175 | D:11     | Noticed a boulder beetle
 12197 | D:11     | Killed a boulder beetle
 12319 | D:11     | Noticed a two-headed ogre
 12326 | D:11     | Killed a two-headed ogre
 12326 | D:11     | Offered knowledge of Flame Wave by Vehumet.
 12471 | D:11     | Learned a level 4 spell: Flame Wave
 12485 | D:11     | Reached skill level 11 in Fighting
 12610 | D:11     | Found Ilaogg's Book Boutique.
 12615 | D:11     | Noticed a boulder beetle
 12664 | D:11     | Killed a boulder beetle
 13864 | D:11     | HP: 4/93 [slime creature (11)]
 13867 | D:11     | Slain by a slime creature

Illustrated notes

Levels and vault maps discovered:
D:1:      amcnicky_arrival_underground_garden, layout_rooms,
          ebering_ecumenical_altar_sacrificial, minmay_hedge_maze
D:2:      minmay_angry_zag, layout_rooms, basic_altar, kennysheep_potato,
          uniq_terence
D:3:      layout_basic, nicolae_yredelemnul_corpse_copse, serial_shops, shop,
          minmay_starry_boxes, uniq_robin
D:4:      layout_basic
D:5:      layout_rooms, minmay_ruined_shrine
D:6:      layout_cave_pools, minmay_temple_entry_arrows, gammafunk_ghost_split
D:7:      layout_rooms
D:8:      layout_cave_pods, erik_lair_island, dk_noncrumbling_3,
          minmay_misc_feat_plants
D:9:      layout_gridville, david_orc_5, uniq_maggie
D:10:     layout_cross, uniq_nergalle
D:11:     layout_grid_maze, serial_shops, nicolae_stop_n_shop_2
D:12:     layout_rooms
Temple:   nicolae_temple_the_god_donut

Skill      XL: |  1  2  3  4  5  6  7  8  9 10 11 |
---------------+----------------------------------+-----
Transmutations | 1 |  1.0
Fighting       | 1 2 3 4 5 7 8 10 11 | 11.2
Armour         | 1 2 3 4 5 6 7 |  7.0
Earth Magic    | 3 4 5 6 7 |  7.9
Conjurations   | 1 2 3 4 6 7 |  7.0
Spellcasting   | 3 4 5 6 7 |  7.6
Dodging        | |  1.7
Stealth        | |  1.7

Action                   |  1- 3 |  4- 6 |  7- 9 | 10-12 || total
-------------------------+-------+-------+-------+-------++-------
Melee: Dagger            |    37 |       |    70 |    89 ||   196
       Unarmed           |     4 |       |       |       ||     4
       Spear             |    87 |   110 |    10 |       ||   207
       Punch             |     2 |     1 |     3 |     2 ||     8
 Cast: Sandblast         |    24 |    41 |    58 |    64 ||   187
       Stone Arrow       |     1 |    11 |    67 |    99 ||   178
       Mephitic Cloud    |       |       |     5 |    21 ||    26
       Flame Wave        |       |       |       |     5 ||     5
Evoke: Wand              |       |       |     1 |     2 ||     3
  Use: Scroll            |       |       |       |     8 ||     8
       Potion            |       |       |       |     3 ||     3
 Stab: Sleeping          |     6 |     1 |     1 |       ||     8
       Distracted        |     1 |     1 |       |       ||     2
       Confused          |       |       |     4 |     4 ||     8
Armor: Robe              |    26 |    58 |    58 |    63 ||   205
Dodge: Dodged            |    83 |    99 |    73 |    88 ||   343
Block: Other             |    13 |    34 |    64 |    62 ||   173
